Map: Planta ácida EE

Players

Furiavento

  • Race: Terran Terran
  • Spawn Location: 11:00

Draguer - Winner!

  • Race: Protoss Protoss
  • League: Silver
  • Spawn Location: 5:00

VOD

Have the link to the VOD?

Description

Time

  • Played on: May 1, 2018, 6:32 p.m.
  • Length: 19:43
Show
View Real Time Build Order
Export as new Build Order

Furiavento Terran 

Build Orders:  

Get SALT Encoding   

  12  0:01  SCV  
  13  0:13  SCV  
  14  0:20  Supply Depot  
  14  0:25  SCV  
  15  0:39  Refinery  
  15  0:41  SCV  
  16  0:48  Barracks  
  16  0:53  SCV  
  17  1:05  SCV  
  18  1:23  SCV  
  19  1:42  Barracks Reactor  
  19  1:56  Command Center  
  19  2:05  Orbital Command  
  19  2:21  Marine x2  
  21  2:38  Marine  
  21  2:39  Marine  
  21  2:43  Supply Depot  
  23  3:04  Marine x2  
  23  3:05  SCV  
  26  3:07  Supply Depot  
  26  3:11  SCV  
  27  3:17  SCV  
  27  3:18  Refinery  
  28  3:22  Marine x2  
  28  3:23  SCV  
  31  3:29  SCV  
  31  3:30  Supply Depot  
  32  3:34  Supply Depot  
  32  3:35  SCV  
  32  3:40  Marine x2  
  35  3:44  SCV  
  36  3:51  SCV  
  36  3:52  Supply Depot  
  37  3:56  SCV  
  37  3:58  Marine x2  
  40  4:08  SCV, Factory  
  41  4:15  Orbital Command  
  41  4:16  Marine x2  
  43  4:20  SCV  
  44  4:32  SCV  
  44  4:33  Marine x2  
  47  4:51  Marine x2  
  49  4:57  Starport  
  49  4:58  Factory Reactor  
  49  5:09  Marine x2  
  51  5:27  Marine x2  
  53  5:35  Barracks  
  53  5:45  Marine x2  
  53  5:48  Medivac x2  
  59  5:53  Factory Tech Lab  
  59  6:03  Marine x2  
  61  6:18  Medivac x2  
  63  6:20  Marine x2  
  63  6:22  Barracks Tech Lab  
  67  6:29  Widow Mine, Refinery  
  69  6:38  Marine x2  
  71  6:48  Medivac x2  
  71  6:50  Widow Mine  
  77  6:55  SCV  
  78  7:51  Supply Depot  
  78  8:13  Marine x2, SCV, Medivac x2  
  78  8:16  Supply Depot  
  83  8:28  Marine  
  83  8:31  Marine x2  
  86  8:42  Barracks  
  86  8:43  Medivac x2  
  86  8:46  Marine  
  91  8:48  Marine x2  
  93  9:04  Marine  
  93  9:06  Marine x2  
  94  9:40  Marine  
  94  9:44  Marine  
  94  9:45  Marine  
  87  9:48  Stimpack  
  87  9:51  Barracks Reactor  
  71  9:58  Marine  
  61  10:02  Marine x2  
  63  10:16  Marine  
  63  10:18  Medivac x2  
  63  10:20  Marine x2  
  70  10:33  Supply Depot  
  70  10:34  Marine  
  71  10:38  Marine x2  
  71  10:39  Marine x2  
  75  10:48  Medivac x2  
  79  10:52  Marine  
  79  10:56  Marine x3  
  79  10:57  Marine, Supply Depot  
  84  11:09  Marine  
  85  11:14  Marine x4  
  85  11:18  Medivac x2  
  93  11:27  Marine, Engineering Bay  
  93  11:31  Marine  
  93  11:32  Marine x3  
  98  11:45  Marine  
  99  11:47  Medivac  
  99  11:48  Medivac  
  99  11:49  Combat Shields  
  103  11:54  Terran Infantry Weapons Level 1  
  103  11:55  Engineering Bay  
  103  12:07  Missile Turret  
  103  12:28  Missile Turret  
  103  12:48  Marine x2, Missile Turret  
  103  12:49  Marine  
  103  12:50  Command Center  
  103  12:51  Marine x2  
  108  13:05  Marine  
  108  13:06  Marine  
  110  13:20  Terran Infantry Armor Level 1  
  110  13:25  Armory  
  110  13:49  Hi-Sec Auto Tracking  
  110  14:01  Marine x5  
  115  14:19  Marine x5  
  96  14:37  Marine x3  
  79  14:55  Marine  
  71  15:10  SCV  
  72  15:22  SCV  
  72  15:24  Marine  
  72  15:25  Marine x2  
  72  15:27  Marine x2  
  78  15:35  SCV  
  79  15:42  Marine  
  80  15:43  Marine x2  
  80  15:45  Marine x2  
  80  15:47  SCV  
  80  15:49  Terran Vehicle And Ship Armor Level 1  
  85  15:51  Terran Infantry Weapons Level 2  
  85  15:52  Terran Infantry Armor Level 2  
  85  15:59  SCV, Marine  
  85  16:01  Marine x2  
  85  16:03  Marine x2  
  91  16:06  Refinery  
  91  16:10  Refinery  
  91  16:17  Marine  
  92  16:19  Marine x2  
  92  16:21  Marine x2  
  96  16:26  Siege Tank  
  99  16:35  Marine  
  99  16:36  Supply Depot  
  100  16:58  Siege Tank  
  100  16:59  Supply Depot  
  100  17:01  Refinery  
  103  17:30  Siege Tank  
  106  17:46  Terran Vehicle Weapons Level 1  
  106  18:02  Siege Tank  
  109  18:06  Marine x2  
  109  18:07  Marine x2  
  109  18:09  Marine  
  114  18:23  Marine  
  114  18:24  Marine  
  114  18:25  Marine x2  
  118  18:27  Marine  
  119  18:34  Siege Tank  
  122  18:41  Marine x2  
  122  18:43  Marine x2  
  122  18:45  Marine  
  127  18:59  Marine x2  
  127  19:01  Marine x2  
  131  19:02  Marine  
  132  19:20  Marine  
Show
View Real Time Build Order
Export as new Build Order

Draguer Protoss - Winner!

Build Orders:  

Get SALT Encoding   

  12  0:03  Probe  
  13  0:16  Probe  
  14  0:22  Pylon  
  14  0:28  Probe  
  15  0:40  Probe  
  16  0:51  Forge  
  16  0:53  Probe  
  17  1:04  Probe  
  17  1:07  Gateway  
  18  1:12  Probe  
  19  1:25  Assimilator  
  19  1:28  Photon Cannon  
  19  1:31  Photon Cannon  
  19  2:00  Probe  
  19  2:03  Gateway  
  20  2:08  Probe  
  21  2:18  Pylon, Probe  
  22  2:27  Assimilator  
  22  2:30  Probe  
  23  2:42  Probe  
  24  3:13  Zealot  
  24  3:15  Zealot  
  24  3:17  Nexus  
  28  3:21  Probe  
  29  3:28  Cybernetics Core  
  29  3:40  Zealot  
  31  3:41  Pylon  
  31  3:46  Pylon  
  31  3:59  Zealot  
  33  4:06  Photon Cannon  
  33  4:07  Zealot  
  33  4:09  Photon Cannon  
  35  4:26  Stalker, Stargate  
  37  4:34  Stalker  
  37  4:36  Probe x2  
  40  4:44  Probe  
  41  4:48  Probe  
  43  5:00  Probe  
  43  5:01  Photon Cannon  
  43  5:04  Stalker  
  46  5:13  Probe  
  47  5:20  Stalker  
  49  5:23  Assimilator  
  49  5:24  Probe  
  49  5:27  Assimilator  
  49  5:28  Void Ray  
  50  5:31  Protoss Air Weapons Level 1  
  50  5:34  Stalker  
  56  5:37  Protoss Ground Weapons Level 1  
  56  6:04  Stalker  
  58  6:29  Void Ray  
  62  6:38  Stargate  
  62  6:45  Pylon  
  62  6:48  Pylon  
  62  7:00  Pylon  
  62  7:03  Pylon  
  62  7:07  Pylon  
  62  7:14  Void Ray, Zealot  
  66  7:17  Stalker  
  70  7:25  Stargate  
  70  7:38  Zealot, Cybernetics Core  
  72  7:47  Stalker  
  72  7:50  Photon Cannon  
  74  7:51  Void Ray  
  74  7:56  Photon Cannon  
  78  7:59  Photon Cannon  
  78  8:05  Zealot  
  80  8:21  Void Ray  
  84  8:33  Zealot  
  86  8:38  Fleet Beacon  
  86  8:42  Photon Cannon  
  86  8:47  Void Ray  
  90  8:50  Photon Cannon  
  90  8:52  Protoss Air Armor Level 1  
  89  9:00  Zealot  
  91  9:29  Probe  
  91  9:37  Probe  
  92  9:40  Protoss Air Weapons Level 2  
  83  9:49  Probe  
  76  10:00  Zealot  
  76  10:01  Probe  
  76  10:02  Stalker  
  76  10:04  Void Ray  
  83  10:19  Probe  
  83  10:27  Zealot  
  86  10:32  Stalker  
  86  10:35  Nexus  
  88  10:39  Protoss Ground Armor Level 1  
  88  10:54  Zealot  
  90  11:08  Carrier  
  90  11:09  Stargate x2  
  96  11:14  Pylon  
  96  11:21  Zealot  
  98  11:42  Pylon  
  98  11:44  Void Ray  
  98  11:45  Void Ray  
  98  11:47  Pylon  
  106  11:48  Zealot  
  106  11:50  Probe  
  109  11:58  Probe  
  109  12:00  Assimilator  
  109  12:03  Probe  
  109  12:05  Assimilator  
  109  12:07  Probe  
  111  12:11  Probe  
  111  12:13  Probe  
  114  12:18  Void Ray  
  118  12:23  Probe  
  118  12:25  Probe  
  120  12:30  Photon Cannon  
  120  12:33  Protoss Shields Level 1  
  120  12:34  Pylon  
  120  12:35  Probe  
  120  12:38  Pylon  
  120  12:42  Pylon  
  120  12:43  Probe  
  122  12:52  Probe  
  123  13:14  Carrier  
  123  13:25  Carrier  
  135  14:02  Probe  
  136  14:04  Carrier  
  142  14:14  Probe  
  142  14:15  Probe  
  143  14:23  Probe  
  134  14:26  Probe  
  114  14:33  Probe  
  103  14:38  Probe  
  103  14:40  Carrier  
  103  14:45  Probe  
  99  14:50  Probe  
  99  14:51  Carrier  
  100  14:57  Probe  
  93  15:17  Stalker  
  93  15:20  Stalker  
  97  15:22  Void Ray  
  101  15:29  Void Ray  
  105  15:47  Stalker  
  105  15:49  Stalker  
  109  16:09  Stalker  
  109  16:12  Void Ray, Stalker  
  109  16:14  Nexus  
  117  16:34  Assimilator  
  117  16:37  Stalker  
  117  16:39  Assimilator, Stalker  
  121  17:07  Stalker  
  123  17:09  Stalker  
  125  17:28  Gateway  
  125  17:37  Zealot  
  125  17:39  Zealot  
  129  18:04  Zealot x2  
  133  18:24  Zealot  
  133  18:27  Stalker  
  133  18:28  Void Ray  
  133  18:31  Void Ray  
  133  18:33  Void Ray  
  155  18:37  Graviton Catapult  
  161  18:42  Zealot  
  161  18:51  Stalker  
  165  19:08  Zealot  
Tags
 
League
Silver
Matchup
PvT
Replay Pack
First Ones
Spawn Locations
Cross Positions
Add a new tag
Caveats
  • Supply blocks, unpowered buildings, or Contaminate may cause inaccurate times.
  • Supply counts are checked every 10 seconds.